 Dungeon Crawl Stone Soup version 0.18.1-6-gd335043 (webtiles) character file.

61 m0ast the Grasshopper (level 4, -2/37 HPs)
             Began as a Ghoul Warper on May 16, 2016.
             Was an Initiate of Ru.
             Killed from afar by Ijyb (4 damage)
             ... on level 2 of the Dungeon.
             The game lasted 00:15:19 (2461 turns).

m0ast the Grasshopper (Ghoul Warper)                Turns: 2461, Time: 00:15:20

Health: -2/37      AC:  3    Str: 14    XL:     4   Next: 7%
Magic:  4/6        EV: 11    Int:  8    God:    Ru [......]
Gold:   55         SH:  0    Dex:  9    Spells: 3 memorised, 2 levels left

rFire  . . .     SeeInvis +       - Unarmed
rCold  + . .     Gourm    .     a - +0 leather armour
rNeg   + + +     Faith    .     (no shield)
rPois  ∞         Spirit   .     (no helmet)
rElec  .         Dismiss  .     (no cloak)
rCorr  .         Reflect  .     (no gloves)
SustAt .         Harm     .     (no boots)
MR     .....                    (no amulet)
Stlth  +.........               (no ring)
                                e - ring of see invisible

@: very slightly contaminated, rotting, not resistant to hostile enchantments,
very unstealthy
A: rotting body, claws 1, carnivore 3, cold resistance 1, negative energy
resistance 3, slow regeneration 1, torment resistance, unbreathing
a: Renounce Religion


You were on level 2 of the Dungeon.
You worshipped Ru.
Ru was noncommittal.
You were not hungry.

You visited 1 branch of the dungeon, and saw 2 of its levels.

You collected 55 gold pieces.

Inventory:

Missiles
 d - 5 tomahawks of dispersal (quivered)
Armour
 a - a +0 leather armour (worn)
Jewellery
 e - a ring of see invisible (left claw)
Scrolls
 c - a scroll of blinking
 h - a scroll of fear {unknown}
 i - 2 scrolls of identify {unknown}
 j - 2 scrolls of noise {unknown}
 k - a scroll of amnesia {unknown}
 n - a scroll of remove curse {unknown}
 p - a scroll of enchant weapon {unknown}
Potions
 g - a potion of berserk rage {unknown}
 m - a potion of haste
 o - a potion of curing {unknown}
Books
 b - a book of Spatial Translocations

   Spells                             Type                      Level
   a - Apportation                    Translocation                1
   b - Blink                          Translocation                2
   c - Shroud of Golubria             Charms/Translocation         2
   d - Portal Projectile              Translocation                3
   e - Teleport Other                 Translocation                3
   f - Passage of Golubria            Translocation                4
Comestibles
 f - a meat ration


   Skills:
 + Level 2.5 Fighting
 + Level 1.3 Throwing
 + Level 1.6 Armour
 * Level 2.3 Dodging
 * Level 2.8 Unarmed Combat
 + Level 2.0 Spellcasting
 + Level 2.8 Translocations


You had 2 spell levels left.
You knew the following spells:

 Your Spells              Type           Power        Failure   Level  Hunger
a - Apportation           Tloc           #.........   17%         1    ##.....
b - Blink                 Tloc           N/A          24%         2    ###....
c - Shroud of Golubria    Chrm/Tloc      #.........   43%         2    ###....


Dungeon Overview and Level Annotations

Branches:
Dungeon (2/15)

Altars:
Ru

Annotations:
D:2 Ijyb


Innate Abilities, Weirdness & Mutations

Your body is rotting away.
You thrive on raw meat.
You are immune to poison.
You have sharp fingernails.
You are carnivorous and can eat meat at any time.
Your flesh is cold resistant.
You are immune to negative energy.
You regenerate slowly when monsters are visible.
You are immune to unholy pain and torment.
You can survive without breathing.


Message History

Ijyb zaps a wand.
You barely resist.
You see here a mace.
You completely miss Ijyb. Ijyb barely misses you.
You scratch Ijyb but do no damage.
Ijyb zaps a wand.
You are blasted!
* * * LOW HITPOINT WARNING * * *
Press: ? - help, v - describe, . - travel, g - get item
Here: Ijyb, wielding a club, wearing a runed leather armour and carrying a wand of disintegration {zapped: 4} 2 gold pieces.
The floor.
Cast which spell? (? or * to list)
You miscast Shroud of Golubria.
You are very lightly contaminated with residual magic.
The floor and the ceiling briefly switch places.
Ijyb hits you with a club.
* * * LOW HITPOINT WARNING * * *
Ijyb throws an exploding tomahawk.
The exploding tomahawk hits you.
* * * LOW HITPOINT WARNING * * *
The exploding tomahawk explodes!
The explosion of tomahawk fragments engulfs you!
You die...

.######.##..##..###.###########
.# #.###.##...##.# .#
####.###.##.#..#.#
.###...........##.#.#
.)............## .#.#
.###.........## .#.# )#
###...###.# ..# .#
#.......#####†.##### .#
#...##.....@)g...... .#
#######.#####......# .# #.#
......# .# #.# ......# .# #.#
......# .# #<. .....## .# ##.
......# ## # ......#


You could see Ijyb.

Vanquished Creatures
  An adder (D:2)
  2 oozes
  A worm (D:2)
  2 dart slugs (D:1)
  3 giant geckos
  2 giant cockroaches (D:1)
  3 goblins (D:1)
  6 hobgoblins
  2 kobolds (D:1)
  7 bats
  3 rats
32 creatures vanquished.

Notes
Turn   | Place    | Note
--------------------------------------------------------------
     0 | D:1      | m0ast the Ghoul Warper began the quest for the Orb.
     0 | D:1      | Reached XP level 1. HP: 17/17 MP: 2/2
   101 | D:1      | Reached skill level 1 in Throwing
   174 | D:1      | Reached skill level 1 in Armour
   189 | D:1      | Reached XP level 2. HP: 4/24 MP: 3/3
  1075 | D:1      | Reached XP level 3. HP: 17/29 MP: 4/4
  1451 | D:2      | Learned a level 2 spell: Blink
  1622 | D:2      | Found a sacrificial altar of Ru.
  1634 | D:2      | Became a worshipper of Ru the Awakened
  2136 | D:2      | Learned a level 2 spell: Shroud of Golubria
  2429 | D:2      | Noticed Ijyb
  2439 | D:2      | Reached XP level 4. HP: 36/37 MP: 6/6
  2461 | D:2      | Killed from afar by Ijyb

Skill      XL: |  1  2  3 |
---------------+----------+-----
Throwing       | 1 |  1.3
Armour         | 1 |  1.6
Dodging        | 2 |  2.3
Spellcasting   | 2 |  2.0
Fighting       | |  2.5
Unarmed Combat | |  2.8
Translocations | |  2.8

Action                   |  1- 3 |  4- 6 || total
-------------------------+-------+-------++-------
Melee: Unarmed           |   172 |    11 ||   183
       Punch             |     2 |     1 ||     3
  Use: Scroll            |     1 |       ||     1
       Potion            |     1 |       ||     1
  Eat: Meat ration       |     2 |       ||     2
       Chunk             |     9 |       ||     9
Armor: Leather armour    |    44 |     4 ||    48
Dodge: Dodged            |    97 |     9 ||   106
